Kings vs Devils

Created - March 28, 2022 at 19:52

Goals
1 2 3 T
Kings 1 1 0 2
Devils 1 1 1 3
Shots
1 2 3 T
Kings 9 6 8 23
Devils 12 11 14 37

1st period

1. Kings , David Pastrnak 18 (Anze Kopitar 34, Jake Guentzel 17) at 0:12
2. Devils , Tyler Ennis 26 (Eric Tangradi 12, Jamie Arniel 18) at 4:35

Penalties :
Mark Fistric (N.J) for Hooking (Minor) at 2:32, David Pastrnak (L.A) for Hooking (Minor) at 8:34

2nd period

3. Kings , Joe Thornton 11 (Nathan MacKinnon 23, Jared Cowen 16) at 0:40
4. Devils , Marek Svatos 9 (Thomas Hickey 6, Jonathan Huberdeau 15) at 13:23 (PP)

Penalties :
Jamie Arniel (N.J) for Interference (Minor) at 6:54, John Carlson (L.A) for Slashing (Double Minor) at 12:16, Michael Raffl (L.A) for Boarding (Minor) at 16:38

3rd period

5. Devils , Marian Gaborik 16 (Kristopher Letang 24, Michael Del Zotto 21) at 0:36 (PP)

Penalties :
John Carlson (L.A) for Hooking (Minor) at 0:20, John Carlson (L.A) for Interference (Minor) at 2:09, Seth Jones (L.A) for Hooking (Minor) at 18:57

Goalie Stats

Cam Talbot (L.A), 34 saves from 37 shots - (0.919), L, 2-4-3, 60:00 minutes
Thomas McCollum (N.J), 21 saves from 23 shots - (0.913), W, 6-4-0, 60:00 minutes

Players Stats for Kings

Player Name              G  A  P  +/- PIM S  H  SB GA TA FO     MP     PP MP  PK MP  
------------------------------------------------------------------------------------
Aaron Ekblad             0  0  0   0  0   1  1  2  0  0  0/0    19:30   1:32   4:03 
Anze Kopitar             0  1  1   1  0   0  1  0  0  0  5/16   17:18   1:54   1:37 
David Pastrnak           1  0  1   0  2   2  0  0  1  0  0/0    15:34   2:04   0:00 
Derek Boogaard           0  0  0   0  0   0  2  1  0  0  0/0    14:03   0:00   1:30 
Eric Gryba               0  0  0   0  0   0  0  0  0  2  0/0    15:54   0:00   4:03 
Erik Haula               0  0  0   0  0   2  0  1  0  0  12/22  20:17   1:54   6:06 
Garnet Hathaway          0  0  0   0  0   2  1  0  0  0  0/2    10:19   0:00   3:00 
Jake Guentzel            0  1  1   0  0   1  0  0  1  1  0/1    15:20   2:04   0:00 
Jared Cowen              0  1  1   2  0   1  1  2  3  3  0/0    25:47   0:00   5:59 
Joe Thornton             1  0  1   1  0   3  1  0  0  1  0/1    11:58   0:00   0:00 
John Carlson             0  0  0   1  8   4  2  1  0  2  0/0    25:06   2:26   2:29 
Luke Glendening          0  0  0   0  0   0  0  1  0  0  0/1    18:09   0:00   6:06 
Michael Raffl            0  0  0   0  2   0  1  0  0  1  0/0     9:43   0:00   2:23 
Nathan MacKinnon         0  1  1   0  0   4  2  0  0  0  5/14   14:57   2:04   0:00 
Pavel Datsyuk            0  0  0   0  0   1  0  0  0  0  4/7     7:13   0:00   0:00 
Seth Jones               0  0  0  -1  2   0  1  1  0  0  0/0    20:51   2:26   3:30 
Tom Wilson               0  0  0   1  0   1  2  1  2  0  0/0    14:27   1:54   0:00 
Will Butcher             0  0  0   0  0   1  0  1  0  0  0/0    13:07   1:32   0:38 

Players Stats for Devils

Player Name              G  A  P  +/- PIM S  H  SB GA TA FO     MP     PP MP  PK MP  
------------------------------------------------------------------------------------
Aleksander Barkov        0  0  0  -1  0   2  0  0  0  0  8/12   17:10   4:41   1:02 
Anton Lander             0  0  0   0  0   5  0  1  0  1  3/5     9:55   0:00   0:46 
Anton Stralman           0  0  0   0  0   1  3  2  1  0  0/0    24:22   3:51   2:30 
Brian McGrattan          0  0  0  -1  0   2  1  1  0  0  0/1    12:38   0:11   0:44 
Eric Tangradi            0  1  1   1  0   2  2  0  0  0  0/0    10:00   0:00   0:47 
Jamie Arniel             0  1  1   0  2   2  0  1  0  0  11/18  14:12   0:11   1:09 
Jonathan Huberdeau       0  1  1   0  0   1  0  0  0  0  0/0    16:52   4:41   0:09 
Kristopher Letang        0  1  1  -1  0   1  0  1  0  1  0/0    24:13   6:30   0:41 
Marek Svatos             1  0  1  -1  0   3  0  1  1  0  1/1    17:20   4:41   0:00 
Marian Gaborik           1  0  1   0  0   3  1  0  3  1  1/3    17:35   5:29   0:00 
Mark Fistric             0  0  0   0  2   0  1  1  0  2  0/0    16:11   0:00   0:47 
Matt Donovan             0  0  0   1  0   1  0  1  0  1  0/0    15:34   0:00   2:30 
Michael Del Zotto        0  1  1  -1  0   2  2  1  1  1  0/0    23:13   6:30   1:28 
Miikka Salomaki          0  0  0   0  0   0  1  0  1  0  0/0     8:34   0:00   0:00 
Nazem Kadri              0  0  0  -1  0   3  1  0  2  0  12/22  18:12   5:29   0:00 
Thomas Hickey            0  1  1   0  0   2  2  0  1  0  0/0    16:30   3:51   0:00 
Tyler Ennis              1  0  1   0  0   4  1  1  0  0  1/1    19:17   5:29   1:01 
Zach Parise              0  0  0  -1  0   3  1  0  0  0  1/1    14:12   0:11   2:18 

3 Stars

1 - Tyler Ennis (N.J)
2 - Joe Thornton (L.A)
3 - Marian Gaborik (N.J)

Power Play

Kings - 0 on 2 Attempt(s) - 0.00%
Devils - 2 on 7 Attempt(s) - 28.57%

Penalty Kill

Kings - 5 on 7 Attempt(s) - 71.43% - Score 0 goal in Penalty Kill
Devils - 2 on 2 Attempt(s) - 100.00% - Score 0 goal in Penalty Kill

Team Stat

Kings - Hits : 15 - Faceoff Wins : 26 - Blocked Shots : 11 - Penalty Minutes : 14
Devils - Hits : 16 - Faceoff Wins : 38 - Blocked Shots : 11 - Penalty Minutes : 4

Official

Referees : Brian Pochmara and Jon McIsaac
Linesman : Mark Shewchyk and Derek Amell

Game Notes

No Game Note

Finance

Level 1 -- Attendance: 5517 (91.95%) -- Ticket Income $551,700
Level 2 -- Attendance: 4581 (91.62%) -- Ticket Income $274,860
Level 3 -- Attendance: 1853 (92.65%) -- Ticket Income $64,855
Level 4 -- Attendance: 3759 (93.98%) -- Ticket Income $93,975
Luxury Box -- Attendance: 1000 (100.00%) -- Ticket Income $200,000
Game was played at the Prudential Center.
Total Attendance: 16710 (92.83%)
Total Ticket Income: $1,185,390
Other Income: $177,808
Total Income: $1,363,198

Kings

5 vs 5 Forward 
   Center                   Left Wing                Right Wing               Time % Phy DF OF 
 1 Anze Kopitar             Jake Guentzel            David Pastrnak           35     1   2  2  
 2 Nathan MacKinnon         Joe Thornton             Tom Wilson               30     1   2  2  
 3 Erik Haula               Derek Boogaard           Luke Glendening          30     1   2  2  
 4 Pavel Datsyuk            Michael Raffl            Garnet Hathaway          5      1   2  2  

5 vs 5 Defense 
   Defense                  Defense                                           Time % Phy DF OF 
 1 John Carlson             Jared Cowen                                       40     1   2  2  
 2 Seth Jones               Aaron Ekblad                                      30     1   2  2  
 3 Eric Gryba               Will Butcher                                      20     1   2  2  
 4 John Carlson             Jared Cowen                                       10     1   2  2  

PowerPlay Forward 
   Center                   Left Wing                Right Wing               Time % Phy DF OF 
 1 Nathan MacKinnon         Jake Guentzel            David Pastrnak           60     1   2  2  
 2 Anze Kopitar             Erik Haula               Tom Wilson               40     1   2  2  

PowerPlay Defense
   Defense                  Defense                                           Time % Phy DF OF 
 1 Seth Jones               John Carlson                                      60     1   2  2  
 2 Aaron Ekblad             Will Butcher                                      40     1   2  2  

Penalty Kill 4 Players Forward 
   Center                   Wing                     Time % Phy DF OF 
 1 Erik Haula               Luke Glendening          60     1   2  2  
 2 Garnet Hathaway          Michael Raffl            40     1   2  2  

Penalty Kill 4 Players Defense
   Defense                  Defense                  Time % Phy DF OF 
 1 Jared Cowen              John Carlson             60     1   2  2  
 2 Seth Jones               Eric Gryba               40     1   2  2  

Penalty Kill - 3 Players Forward 
   Forward                                           Time % Phy DF OF 
 1 Luke Glendening                                   60     1   2  2  
 2 Erik Haula                                        40     1   2  2  

Penalty Kill - 3 Players Defense
   Defense                  Defense                  Time % Phy DF OF 
 1 John Carlson             Jared Cowen              60     1   2  2  
 2 Seth Jones               Eric Gryba               40     1   2  2  

4 vs 4 Forward 
   Center                   Wing                     Time % Phy DF OF 
 1 Anze Kopitar             David Pastrnak           60     1   2  2  
 2 Nathan MacKinnon         Jake Guentzel            40     1   2  2  

4 vs 4 Defense
   Defense                  Defense                  Time % Phy DF OF 
 1 Jared Cowen              Seth Jones               60     1   2  2  
 2 John Carlson             Aaron Ekblad             40     1   2  2  

Last Minutes Offensive
   Center                   Left Wing                Right Wing               Defense                  Defense                  
   Anze Kopitar             Jake Guentzel            David Pastrnak           John Carlson             Seth Jones               

Last Minutes Defensive
   Center                   Left Wing                Right Wing               Defense                  Defense                  
   Anze Kopitar             Michael Raffl            Luke Glendening          Jared Cowen              John Carlson             

Goaltenders
Starting : Cam Talbot               
Backup : Andrei Vasilevskiy       

Extra Forwards
Normal : Anze Kopitar, Nathan MacKinnon, Erik Haula - PP : Joe Thornton, Pavel Datsyuk - PK : Anze Kopitar
Extra Defensemen
Normal : Will Butcher, Aaron Ekblad, Jared Cowen - PP : Jared Cowen - PK : Aaron Ekblad, Will Butcher
Penalty Shots
Erik Haula, David Pastrnak, Anze Kopitar, Derek Boogaard, Pavel Datsyuk

Scratches
Dan Hamhuis (Healthy), Darroll Powe (Healthy), Mikko Rantanen (Abdominal Strain Injury)

Devils

5 vs 5 Forward 
   Center                   Left Wing                Right Wing               Time % Phy DF OF 
 1 Nazem Kadri              Tyler Ennis              Marek Svatos             32     0   2  3  
 2 Jamie Arniel             Jonathan Huberdeau       Marian Gaborik           30     0   2  3  
 3 Aleksander Barkov        Zach Parise              Brian McGrattan          28     0   2  3  
 4 Anton Lander             Eric Tangradi            Miikka Salomaki          10     0   2  3  

5 vs 5 Defense 
   Defense                  Defense                                           Time % Phy DF OF 
 1 Anton Stralman           Kristopher Letang                                 38     0   3  2  
 2 Michael Del Zotto        Mark Fistric                                      34     0   3  2  
 3 Matt Donovan             Thomas Hickey                                     28     0   3  2  
 4 Anton Stralman           Kristopher Letang                                 0      0   3  2  

PowerPlay Forward 
   Center                   Left Wing                Right Wing               Time % Phy DF OF 
 1 Nazem Kadri              Tyler Ennis              Marian Gaborik           60     0   1  4  
 2 Aleksander Barkov        Jonathan Huberdeau       Marek Svatos             40     0   1  4  

PowerPlay Defense
   Defense                  Defense                                           Time % Phy DF OF 
 1 Michael Del Zotto        Kristopher Letang                                 60     0   2  3  
 2 Anton Stralman           Thomas Hickey                                     40     0   2  3  

Penalty Kill 4 Players Forward 
   Center                   Wing                     Time % Phy DF OF 
 1 Jamie Arniel             Zach Parise              60     1   4  0  
 2 Anton Lander             Brian McGrattan          40     1   4  0  

Penalty Kill 4 Players Defense
   Defense                  Defense                  Time % Phy DF OF 
 1 Anton Stralman           Matt Donovan             60     1   4  0  
 2 Mark Fistric             Michael Del Zotto        40     1   4  0  

Penalty Kill - 3 Players Forward 
   Forward                                           Time % Phy DF OF 
 1 Tyler Ennis                                       60     0   4  1  
 2 Jamie Arniel                                      40     0   4  1  

Penalty Kill - 3 Players Defense
   Defense                  Defense                  Time % Phy DF OF 
 1 Anton Stralman           Kristopher Letang        60     1   4  0  
 2 Michael Del Zotto        Mark Fistric             40     1   4  0  

4 vs 4 Forward 
   Center                   Wing                     Time % Phy DF OF 
 1 Nazem Kadri              Tyler Ennis              60     0   2  3  
 2 Jamie Arniel             Zach Parise              40     0   2  3  

4 vs 4 Defense
   Defense                  Defense                  Time % Phy DF OF 
 1 Anton Stralman           Kristopher Letang        60     0   3  2  
 2 Michael Del Zotto        Mark Fistric             40     0   3  2  

Last Minutes Offensive
   Center                   Left Wing                Right Wing               Defense                  Defense                  
   Nazem Kadri              Tyler Ennis              Marian Gaborik           Michael Del Zotto        Kristopher Letang        

Last Minutes Defensive
   Center                   Left Wing                Right Wing               Defense                  Defense                  
   Jamie Arniel             Zach Parise              Brian McGrattan          Anton Stralman           Mark Fistric             

Goaltenders
Starting : Thomas McCollum          
Backup : Maxime Daigneault        

Extra Forwards
Normal : Jonathan Huberdeau, Zach Parise, Aleksander Barkov - PP : Zach Parise, Jamie Arniel - PK : Tyler Ennis
Extra Defensemen
Normal : Kristopher Letang, Matt Donovan, Mark Fistric - PP : Anton Stralman - PK : Kristopher Letang, Matt Donovan
Penalty Shots
Nazem Kadri, Tyler Ennis, Marian Gaborik, Aleksander Barkov, Jamie Arniel

Scratches
Chris Stewart (Healthy), Mike Weber (Healthy)

% Time on Ice - Kings

Lines # - Real PCT - Wanted PCT - Time Play
Normal Forward
1 - 30% - 35% - 13:46
2 - 28% - 30% - 12:39
3 - 26% - 30% - 12:03
4 - 16% - 5% - 7:13
Normal Defense
1 - 41% - 40% - 18:57
2 - 32% - 30% - 14:49
3 - 23% - 20% - 10:44
4 - 3% - 10% - 1:11
PP Forward
1 - 52% - 60% - 2:04
2 - 48% - 40% - 1:54
PP Defense
1 - 61% - 60% - 2:26
2 - 39% - 40% - 1:32
PK Forward
1 - 71% - 60% - 7:21
2 - 29% - 40% - 3:00
PK Defense
1 - 61% - 60% - 6:18
2 - 39% - 40% - 4:03
PK3 Forward
1 - 0% - 60%
2 - 0% - 40%
PK3 Defense
1 - 0% - 60%
2 - 0% - 40%
44 Forward
1 - 0% - 60%
2 - 0% - 40%
44 Defense
1 - 0% - 60%
2 - 0% - 40%
Last Minute Offensive  - 0:00
Last Minute Defensive  - 0:00
Total
Forward - 60:00
Defense - 60:00

% Time on Ice - Devils

Lines # - Real PCT - Wanted PCT - Time Play
Normal Forward
1 - 30% - 32% - 13:36
2 - 26% - 30% - 12:02
3 - 25% - 28% - 11:26
4 - 19% - 10% - 8:34
Normal Defense
1 - 39% - 38% - 17:38
2 - 35% - 34% - 15:59
3 - 26% - 28% - 12:01
4 - 0% - 0% - 0:00
PP Forward
1 - 55% - 60% - 5:40
2 - 45% - 40% - 4:41
PP Defense
1 - 63% - 60% - 6:30
2 - 37% - 40% - 3:51
PK Forward
1 - 82% - 60% - 3:14
2 - 18% - 40% - 0:44
PK Defense
1 - 63% - 60% - 2:30
2 - 37% - 40% - 1:28
PK3 Forward
1 - 0% - 60%
2 - 0% - 40%
PK3 Defense
1 - 0% - 60%
2 - 0% - 40%
44 Forward
1 - 0% - 60%
2 - 0% - 40%
44 Defense
1 - 0% - 60%
2 - 0% - 40%
Last Minute Offensive  - 0:00
Last Minute Defensive  - 0:03
Total
Forward - 60:00
Defense - 60:00

Play-by-Play

1st period


0:01 of 1st period - Nazem Kadri wins face-off versus Anze Kopitar in neutral zone.
0:12 of 1st period - Snap shot by David Pastrnak.
0:12 of 1st period - Goal by David Pastrnak - Kings : 1 - Devils : 0.
0:13 of 1st period - Jamie Arniel wins face-off versus Nathan MacKinnon in neutral zone.
0:44 of 1st period - Off-side.
0:45 of 1st period - Aleksander Barkov wins face-off versus Jake Guentzel in neutral zone.
0:47 of 1st period - Off-side.
0:48 of 1st period - Anton Lander wins face-off versus Anze Kopitar in neutral zone.
1:38 of 1st period - Wrist shot by Aleksander Barkov.
1:38 of 1st period - Shot Misses the Net.
1:40 of 1st period - Snap shot by Thomas Hickey.
1:40 of 1st period - Stopped by Cam Talbot without a rebound.
1:41 of 1st period - Pavel Datsyuk wins face-off versus Aleksander Barkov in Kings zone.
1:50 of 1st period - Slapshot by Jared Cowen.
1:50 of 1st period - Shot Misses the Net.
1:52 of 1st period - Slapshot by John Carlson.
1:52 of 1st period - Shot Blocked by Kristopher Letang.
2:32 of 1st period - Minor Penalty to Mark Fistric for Hooking.
2:33 of 1st period - Zach Parise wins face-off versus Nathan MacKinnon in Devils zone.
3:04 of 1st period - Slapshot by Anton Stralman.
3:04 of 1st period - Shot Misses the Net.
3:06 of 1st period - Backhand shot by Matt Donovan.
3:06 of 1st period - Stopped by Cam Talbot with a rebound.
3:08 of 1st period - Slapshot by Anton Stralman.
3:08 of 1st period - Shot Blocked by Aaron Ekblad.
3:10 of 1st period - Slapshot by Anton Stralman.
3:10 of 1st period - Stopped by Cam Talbot without a rebound.
3:11 of 1st period - Jamie Arniel wins face-off versus Nathan MacKinnon in Kings zone.
4:31 of 1st period - Slapshot by Tyler Ennis.
4:31 of 1st period - Shot Misses the Net.
4:32 of 1st period - Penalty to Mark Fistric is over, Mark Fistric is back on ice.
4:33 of 1st period - Snap shot by Eric Tangradi.
4:33 of 1st period - Stopped by Cam Talbot with a rebound.
4:35 of 1st period - Wrist shot by Tyler Ennis.
4:35 of 1st period - Goal by Tyler Ennis - Kings : 1 - Devils : 1.
4:36 of 1st period - Erik Haula wins face-off versus Jamie Arniel in neutral zone.
4:41 of 1st period - Michael Del Zotto is hit by Derek Boogaard.
5:43 of 1st period - Seth Jones is hit by Eric Tangradi and loses puck.
5:54 of 1st period - Backhand shot by Eric Tangradi.
5:54 of 1st period - Stopped by Cam Talbot without a rebound.
5:55 of 1st period - Anze Kopitar wins face-off versus Jamie Arniel in Kings zone.
6:52 of 1st period - Slapshot by Will Butcher.
6:52 of 1st period - Deflect By Kristopher Letang.
6:52 of 1st period - Stopped by Thomas McCollum without a rebound.
6:53 of 1st period - Nathan MacKinnon wins face-off versus Nazem Kadri in Devils zone.
7:00 of 1st period - Backhand shot by Nathan MacKinnon.
7:00 of 1st period - Stopped by Thomas McCollum without a rebound.
7:01 of 1st period - Nazem Kadri wins face-off versus Nathan MacKinnon in Devils zone.
7:46 of 1st period - Slapshot by Garnet Hathaway.
7:46 of 1st period - Stopped by Thomas McCollum without a rebound.
7:47 of 1st period - Pavel Datsyuk wins face-off versus Jamie Arniel in Devils zone.
7:48 of 1st period - Snap shot by Garnet Hathaway.
7:48 of 1st period - Stopped by Thomas McCollum without a rebound.
7:49 of 1st period - Pavel Datsyuk wins face-off versus Jamie Arniel in Devils zone.
8:22 of 1st period - Slapshot by Kristopher Letang.
8:22 of 1st period - Stopped by Cam Talbot with a rebound.
8:34 of 1st period - Minor Penalty to David Pastrnak for Hooking.
8:35 of 1st period - Nazem Kadri wins face-off versus Erik Haula in Kings zone.
9:13 of 1st period - John Carlson is hit by Michael Del Zotto and loses puck.
10:29 of 1st period - Jamie Arniel is hit by Seth Jones and loses puck.
10:34 of 1st period - Penalty to David Pastrnak is over, David Pastrnak is back on ice.
10:56 of 1st period - Eric Tangradi is hit by Nathan MacKinnon and loses puck.
11:01 of 1st period - Snap shot by Nathan MacKinnon.
11:01 of 1st period - Shot Misses the Net.
11:35 of 1st period - Brian McGrattan is hit by Michael Raffl and loses puck.
11:50 of 1st period - Snap shot by Anze Kopitar.
11:50 of 1st period - Shot Misses the Net.
12:02 of 1st period - Snap shot by Nazem Kadri.
12:02 of 1st period - Stopped by Cam Talbot without a rebound.
12:03 of 1st period - Nazem Kadri wins face-off versus Erik Haula in Kings zone.
12:06 of 1st period - Slapshot by Tyler Ennis.
12:06 of 1st period - Shot Misses the Net.
13:32 of 1st period - Slapshot by John Carlson.
13:32 of 1st period - Shot Blocked by Tyler Ennis.
14:09 of 1st period - Off-side.
14:10 of 1st period - Nathan MacKinnon wins face-off versus Aleksander Barkov in neutral zone.
14:25 of 1st period - Wrist shot by Tom Wilson.
14:25 of 1st period - Stopped by Thomas McCollum without a rebound.
14:26 of 1st period - Jamie Arniel wins face-off versus Erik Haula in Devils zone.
14:31 of 1st period - Jamie Arniel is hit by John Carlson and loses puck.
14:40 of 1st period - Snap shot by Jonathan Huberdeau.
14:40 of 1st period - Deflect By Jamie Arniel.
14:40 of 1st period - Stopped by Cam Talbot without a rebound.
14:41 of 1st period - Aleksander Barkov wins face-off versus Nathan MacKinnon in Kings zone.
14:42 of 1st period - Snap shot by Zach Parise.
14:42 of 1st period - Shot Misses the Net.
14:52 of 1st period - Jared Cowen is hit by Anton Stralman and loses puck.
15:14 of 1st period - Off-side.
15:15 of 1st period - Nazem Kadri wins face-off versus Anze Kopitar in neutral zone.
16:25 of 1st period - Off-side.
16:26 of 1st period - Anton Lander wins face-off versus Pavel Datsyuk in neutral zone.
16:28 of 1st period - Mark Fistric is hit by Jared Cowen.
16:36 of 1st period - Snap shot by Anton Lander.
16:36 of 1st period - Stopped by Cam Talbot without a rebound.
16:37 of 1st period - Nazem Kadri wins face-off versus Anze Kopitar in Kings zone.
16:53 of 1st period - Off-side.
16:54 of 1st period - Jamie Arniel wins face-off versus Erik Haula in neutral zone.
17:05 of 1st period - Slapshot by John Carlson.
17:05 of 1st period - Stopped by Thomas McCollum with a rebound.
17:07 of 1st period - Wrist shot by John Carlson.
17:07 of 1st period - Stopped by Thomas McCollum with a rebound.
17:09 of 1st period - Slapshot by Jared Cowen.
17:09 of 1st period - Shot Blocked by Jamie Arniel.
17:11 of 1st period - Wrist shot by Luke Glendening.
17:11 of 1st period - Shot Misses the Net.
17:21 of 1st period - David Pastrnak is hit by Nazem Kadri and loses puck.
19:15 of 1st period - Backhand shot by Aleksander Barkov.
19:15 of 1st period - Shot Misses the Net.
19:17 of 1st period - Snap shot by Zach Parise.
19:17 of 1st period - Stopped by Cam Talbot without a rebound.
19:18 of 1st period - Jamie Arniel wins face-off versus Erik Haula in Kings zone.
19:27 of 1st period - Snap shot by Jamie Arniel.
19:27 of 1st period - Stopped by Cam Talbot without a rebound.
19:28 of 1st period - Erik Haula wins face-off versus Jamie Arniel in Kings zone.
19:39 of 1st period - Snap shot by Erik Haula.
19:39 of 1st period - Stopped by Thomas McCollum with a rebound.
19:50 of 1st period - Icing by Will Butcher.
19:51 of 1st period - Nazem Kadri wins face-off versus Erik Haula in Kings zone.
Goals for this period are 1 for Kings vs 1 for Devils.
Shots for this period are 9 for Kings vs 12 for Devils.

2nd period


0:01 of 2nd period - Nazem Kadri wins face-off versus Anze Kopitar in neutral zone.
0:04 of 2nd period - Wrist shot by Michael Del Zotto.
0:04 of 2nd period - Shot Misses the Net.
0:40 of 2nd period - Snap shot by Joe Thornton.
0:40 of 2nd period - Goal by Joe Thornton - Kings : 2 - Devils : 1.
0:41 of 2nd period - Jamie Arniel wins face-off versus Nathan MacKinnon in neutral zone.
2:27 of 2nd period - Snap shot by David Pastrnak.
2:27 of 2nd period - Stopped by Thomas McCollum with a rebound.
2:29 of 2nd period - Slapshot by Aaron Ekblad.
2:29 of 2nd period - Stopped by Thomas McCollum with a rebound.
2:31 of 2nd period - Snap shot by Aaron Ekblad.
2:31 of 2nd period - Shot Blocked by Marek Svatos.
3:55 of 2nd period - Snap shot by Kristopher Letang.
3:55 of 2nd period - Shot Blocked by John Carlson.
3:57 of 2nd period - Snap shot by Nazem Kadri.
3:57 of 2nd period - Shot Misses the Net.
3:59 of 2nd period - Slapshot by Nazem Kadri.
3:59 of 2nd period - Stopped by Cam Talbot with a rebound.
4:01 of 2nd period - Snap shot by Marek Svatos.
4:01 of 2nd period - Stopped by Cam Talbot with a rebound.
4:17 of 2nd period - Mark Fistric is hit by John Carlson and loses puck.
4:45 of 2nd period - Slapshot by John Carlson.
4:45 of 2nd period - Stopped by Thomas McCollum without a rebound.
4:46 of 2nd period - Anze Kopitar wins face-off versus Nazem Kadri in Devils zone.
5:46 of 2nd period - Icing by Michael Del Zotto.
5:47 of 2nd period - Anze Kopitar wins face-off versus Jamie Arniel in Devils zone.
5:55 of 2nd period - Off-side.
5:56 of 2nd period - Nazem Kadri wins face-off versus Anze Kopitar in neutral zone.
6:16 of 2nd period - Icing by Anton Stralman.
6:17 of 2nd period - Nathan MacKinnon wins face-off versus Nazem Kadri in Devils zone.
6:25 of 2nd period - Off-side.
6:26 of 2nd period - Aleksander Barkov wins face-off versus Nathan MacKinnon in neutral zone.
6:35 of 2nd period - Wrist shot by Zach Parise.
6:35 of 2nd period - Deflect By Aleksander Barkov.
6:35 of 2nd period - Stopped by Cam Talbot with a rebound.
6:37 of 2nd period - Snap shot by Zach Parise.
6:37 of 2nd period - Stopped by Cam Talbot with a rebound.
6:39 of 2nd period - Wrist shot by Zach Parise.
6:39 of 2nd period - Deflect By Tom Wilson.
6:39 of 2nd period - Stopped by Cam Talbot with a rebound.
6:41 of 2nd period - Slapshot by Kristopher Letang.
6:41 of 2nd period - Deflect By Aleksander Barkov.
6:41 of 2nd period - Shot Misses the Net.
6:41 of 2nd period - Puck is out of play.
6:42 of 2nd period - Jamie Arniel wins face-off versus Anze Kopitar in Kings zone.
6:54 of 2nd period - Minor Penalty to Jamie Arniel for Interference.
6:55 of 2nd period - Tyler Ennis wins face-off versus Nathan MacKinnon in Devils zone.
7:29 of 2nd period - Wrist shot by Anze Kopitar.
7:29 of 2nd period - Shot Blocked by Matt Donovan.
7:31 of 2nd period - Snap shot by John Carlson.
7:31 of 2nd period - Stopped by Thomas McCollum without a rebound.
7:32 of 2nd period - Aleksander Barkov wins face-off versus Nathan MacKinnon in Devils zone.
8:54 of 2nd period - Penalty to Jamie Arniel is over, Jamie Arniel is back on ice.
8:55 of 2nd period - Anze Kopitar is hit by Eric Tangradi and loses puck.
9:08 of 2nd period - Snap shot by Anton Lander.
9:08 of 2nd period - Shot Misses the Net.
9:10 of 2nd period - Snap shot by Eric Tangradi.
9:10 of 2nd period - Shot Blocked by Tom Wilson.
9:12 of 2nd period - Wrist shot by Jamie Arniel.
9:12 of 2nd period - Shot Misses the Net.
9:14 of 2nd period - Snap shot by Jamie Arniel.
9:14 of 2nd period - Shot Misses the Net.
9:16 of 2nd period - Snap shot by Anton Lander.
9:16 of 2nd period - Shot Misses the Net.
9:18 of 2nd period - Wrist shot by Anton Lander.
9:18 of 2nd period - Stopped by Cam Talbot with a rebound.
9:28 of 2nd period - Snap shot by Anton Lander.
9:28 of 2nd period - Deflect By Will Butcher.
9:28 of 2nd period - Shot Misses the Net.
9:28 of 2nd period - Puck is out of play.
9:29 of 2nd period - Pavel Datsyuk wins face-off versus Nazem Kadri in Kings zone.
9:44 of 2nd period - Wrist shot by Garnet Hathaway.
9:44 of 2nd period - Shot Blocked by Mark Fistric.
9:54 of 2nd period - Jared Cowen is hit by Michael Del Zotto and loses puck.
10:01 of 2nd period - Michael Del Zotto is hit by Nathan MacKinnon.
11:58 of 2nd period - Eric Gryba is hit by Thomas Hickey and loses puck.
12:16 of 2nd period - Double Minor Penalty to John Carlson for Slashing.
12:17 of 2nd period - Erik Haula wins face-off versus Nazem Kadri in Kings zone.
13:03 of 2nd period - Eric Gryba is hit by Thomas Hickey and loses puck.
13:13 of 2nd period - Icing by Anton Stralman.
13:14 of 2nd period - Aleksander Barkov wins face-off versus Garnet Hathaway in Devils zone.
13:23 of 2nd period - Slapshot by Thomas Hickey.
13:23 of 2nd period - Deflect By Marek Svatos.
13:23 of 2nd period - Goal by Marek Svatos - Kings : 2 - Devils : 2.
13:24 of 2nd period - Nazem Kadri wins face-off versus Luke Glendening in neutral zone.
13:26 of 2nd period - Off-side.
13:27 of 2nd period - Nazem Kadri wins face-off versus Erik Haula in neutral zone.
13:32 of 2nd period - Snap shot by Tyler Ennis.
13:32 of 2nd period - Stopped by Cam Talbot with a rebound.
13:34 of 2nd period - Wrist shot by Marian Gaborik.
13:34 of 2nd period - Shot Misses the Net.
13:36 of 2nd period - Wrist shot by Tyler Ennis.
13:36 of 2nd period - Shot Misses the Net.
15:02 of 2nd period - Michael Del Zotto is hit by Garnet Hathaway and loses puck.
15:23 of 2nd period - Penalty to John Carlson is over, John Carlson is back on ice.
15:33 of 2nd period - Backhand shot by Miikka Salomaki.
15:33 of 2nd period - Shot Misses the Net.
15:35 of 2nd period - Slapshot by Thomas Hickey.
15:35 of 2nd period - Stopped by Cam Talbot without a rebound.
15:36 of 2nd period - Nathan MacKinnon wins face-off versus Anton Lander in Kings zone.
15:47 of 2nd period - Snap shot by Miikka Salomaki.
15:47 of 2nd period - Shot Misses the Net.
15:59 of 2nd period - Snap shot by Anton Lander.
15:59 of 2nd period - Stopped by Cam Talbot with a rebound.
16:19 of 2nd period - Derek Boogaard is hit by Anton Stralman and loses puck.
16:38 of 2nd period - Minor Penalty to Michael Raffl for Boarding.
16:39 of 2nd period - Erik Haula wins face-off versus Marian Gaborik in Kings zone.
16:48 of 2nd period - John Carlson is hit by Tyler Ennis and loses puck.
17:11 of 2nd period - Snap shot by Aleksander Barkov.
17:11 of 2nd period - Shot Blocked by Jared Cowen.
17:13 of 2nd period - Snap shot by Marek Svatos.
17:13 of 2nd period - Shot Misses the Net.
17:15 of 2nd period - Wrist shot by Marek Svatos.
17:15 of 2nd period - Stopped by Cam Talbot with a rebound.
18:38 of 2nd period - Penalty to Michael Raffl is over, Michael Raffl is back on ice.
18:53 of 2nd period - Slapshot by Nathan MacKinnon.
18:53 of 2nd period - Shot Blocked by Anton Lander.
18:55 of 2nd period - Snap shot by Nathan MacKinnon.
18:55 of 2nd period - Stopped by Thomas McCollum without a rebound.
18:56 of 2nd period - Nathan MacKinnon wins face-off versus Anton Lander in Devils zone.
19:37 of 2nd period - Erik Haula is hit by Anton Stralman and loses puck.
19:56 of 2nd period - Snap shot by Pavel Datsyuk.
19:56 of 2nd period - Shot Misses the Net.
19:58 of 2nd period - Slapshot by Will Butcher.
19:58 of 2nd period - Deflect By Pavel Datsyuk.
19:58 of 2nd period - Shot Misses the Net.
19:58 of 2nd period - Puck is out of play.
19:59 of 2nd period - Aleksander Barkov wins face-off versus Pavel Datsyuk in Devils zone.
Goals for this period are 1 for Kings vs 1 for Devils.
Shots for this period are 6 for Kings vs 11 for Devils.

3rd period


0:01 of 3rd period - Jamie Arniel wins face-off versus Anze Kopitar in neutral zone.
0:01 of 3rd period - Jamie Arniel is hit by Anze Kopitar.
0:20 of 3rd period - Minor Penalty to John Carlson for Hooking.
0:21 of 3rd period - Erik Haula wins face-off versus Nazem Kadri in Kings zone.
0:32 of 3rd period - Slapshot by Michael Del Zotto.
0:32 of 3rd period - Shot Blocked by Aaron Ekblad.
0:34 of 3rd period - Slapshot by Kristopher Letang.
0:34 of 3rd period - Shot Blocked by Erik Haula.
0:36 of 3rd period - Wrist shot by Marian Gaborik.
0:36 of 3rd period - Goal by Marian Gaborik - Kings : 2 - Devils : 3.
0:37 of 3rd period - Jamie Arniel wins face-off versus Anze Kopitar in neutral zone.
1:10 of 3rd period - Slapshot by Jared Cowen.
1:10 of 3rd period - Deflect By Erik Haula.
1:10 of 3rd period - Shot Blocked by Michael Del Zotto.
1:10 of 3rd period - Puck is out of play.
1:11 of 3rd period - Aleksander Barkov wins face-off versus Erik Haula in Devils zone.
1:47 of 3rd period - Slapshot by Tyler Ennis.
1:47 of 3rd period - Stopped by Cam Talbot with a rebound.
1:51 of 3rd period - Snap shot by Tyler Ennis.
1:51 of 3rd period - Stopped by Cam Talbot without a rebound.
1:52 of 3rd period - Jamie Arniel wins face-off versus Erik Haula in Kings zone.
2:07 of 3rd period - Slapshot by Jamie Arniel.
2:07 of 3rd period - Shot Blocked by Luke Glendening.
2:09 of 3rd period - Minor Penalty to John Carlson for Interference.
2:10 of 3rd period - Erik Haula wins face-off versus Nazem Kadri in Kings zone.
2:23 of 3rd period - Snap shot by Marian Gaborik.
2:23 of 3rd period - Stopped by Cam Talbot without a rebound.
2:24 of 3rd period - Erik Haula wins face-off versus Nazem Kadri in Kings zone.
2:37 of 3rd period - Wrist shot by Michael Del Zotto.
2:37 of 3rd period - Stopped by Cam Talbot with a rebound.
2:55 of 3rd period - Snap shot by Jonathan Huberdeau.
2:55 of 3rd period - Stopped by Cam Talbot without a rebound.
2:56 of 3rd period - Marek Svatos wins face-off versus Garnet Hathaway in Kings zone.
3:31 of 3rd period - Snap shot by Michael Del Zotto.
3:31 of 3rd period - Stopped by Cam Talbot without a rebound.
3:32 of 3rd period - Erik Haula wins face-off versus Marian Gaborik in Kings zone.
3:32 of 3rd period - Erik Haula is hit by Marian Gaborik.
4:09 of 3rd period - Penalty to John Carlson is over, John Carlson is back on ice.
4:43 of 3rd period - Michael Del Zotto is hit by Tom Wilson and loses puck.
5:07 of 3rd period - Wrist shot by Michael Raffl.
5:07 of 3rd period - Shot Misses the Net.
5:09 of 3rd period - Slapshot by Jared Cowen.
5:09 of 3rd period - Stopped by Thomas McCollum with a rebound.
5:11 of 3rd period - Slapshot by Pavel Datsyuk.
5:11 of 3rd period - Shot Misses the Net.
5:39 of 3rd period - Erik Haula is hit by Mark Fistric and loses puck.
5:43 of 3rd period - Icing by Jared Cowen.
5:44 of 3rd period - Erik Haula wins face-off versus Brian McGrattan in Kings zone.
9:18 of 3rd period - Anton Lander is hit by Tom Wilson and loses puck.
9:41 of 3rd period - Wrist shot by Aleksander Barkov.
9:41 of 3rd period - Stopped by Cam Talbot with a rebound.
10:19 of 3rd period - Snap shot by Pavel Datsyuk.
10:19 of 3rd period - Stopped by Thomas McCollum with a rebound.
10:48 of 3rd period - Jake Guentzel is hit by Zach Parise and loses puck.
11:01 of 3rd period - Snap shot by Nathan MacKinnon.
11:01 of 3rd period - Stopped by Thomas McCollum without a rebound.
11:02 of 3rd period - Anton Lander wins face-off versus Joe Thornton in Devils zone.
11:09 of 3rd period - Mark Fistric is hit by Joe Thornton and loses puck.
11:20 of 3rd period - Joe Thornton is hit by Miikka Salomaki and loses puck.
11:51 of 3rd period - Snap shot by Anton Lander.
11:51 of 3rd period - Stopped by Cam Talbot with a rebound.
11:53 of 3rd period - Wrist shot by Miikka Salomaki.
11:53 of 3rd period - Shot Blocked by Seth Jones.
11:55 of 3rd period - Wrist shot by Anton Lander.
11:55 of 3rd period - Stopped by Cam Talbot with a rebound.
11:57 of 3rd period - Slapshot by Eric Tangradi.
11:57 of 3rd period - Shot Misses the Net.
12:13 of 3rd period - Backhand shot by Eric Tangradi.
12:13 of 3rd period - Shot Misses the Net.
13:01 of 3rd period - Snap shot by Nathan MacKinnon.
13:01 of 3rd period - Stopped by Thomas McCollum without a rebound.
13:02 of 3rd period - Anze Kopitar wins face-off versus Nazem Kadri in Devils zone.
13:14 of 3rd period - Off-side.
13:15 of 3rd period - Anze Kopitar wins face-off versus Jamie Arniel in neutral zone.
13:57 of 3rd period - Marek Svatos is hit by Derek Boogaard and loses puck.
14:35 of 3rd period - Icing by Eric Gryba.
14:36 of 3rd period - Marian Gaborik wins face-off versus Pavel Datsyuk in Kings zone.
14:43 of 3rd period - Slapshot by Marian Gaborik.
14:43 of 3rd period - Stopped by Cam Talbot without a rebound.
14:44 of 3rd period - Jamie Arniel wins face-off versus Anze Kopitar in Kings zone.
14:53 of 3rd period - Snap shot by David Pastrnak.
14:53 of 3rd period - Shot Misses the Net.
14:55 of 3rd period - Snap shot by Jared Cowen.
14:55 of 3rd period - Shot Blocked by Anton Stralman.
14:57 of 3rd period - Slapshot by Jake Guentzel.
14:57 of 3rd period - Stopped by Thomas McCollum without a rebound.
14:58 of 3rd period - Aleksander Barkov wins face-off versus Erik Haula in Devils zone.
16:22 of 3rd period - Kristopher Letang is hit by Aaron Ekblad and loses puck.
16:27 of 3rd period - Slapshot by Erik Haula.
16:27 of 3rd period - Shot Blocked by Anton Stralman.
16:29 of 3rd period - Wrist shot by Derek Boogaard.
16:29 of 3rd period - Deflect By Erik Haula.
16:29 of 3rd period - Shot Misses the Net.
16:29 of 3rd period - Puck is out of play.
16:30 of 3rd period - Erik Haula wins face-off versus Aleksander Barkov in Devils zone.
16:39 of 3rd period - Wrist shot by Derek Boogaard.
16:39 of 3rd period - Shot Blocked by Brian McGrattan.
16:49 of 3rd period - Derek Boogaard is hit by Brian McGrattan and loses puck.
17:06 of 3rd period - Wrist shot by Nazem Kadri.
17:06 of 3rd period - Shot Misses the Net.
17:08 of 3rd period - Wrist shot by Nazem Kadri.
17:08 of 3rd period - Stopped by Cam Talbot with a rebound.
17:10 of 3rd period - Snap shot by Anton Stralman.
17:10 of 3rd period - Shot Blocked by Will Butcher.
17:24 of 3rd period - Snap shot by Nathan MacKinnon.
17:24 of 3rd period - Deflect By Joe Thornton.
17:24 of 3rd period - Stopped by Thomas McCollum with a rebound.
17:26 of 3rd period - Slapshot by Joe Thornton.
17:26 of 3rd period - Stopped by Thomas McCollum without a rebound.
17:27 of 3rd period - Erik Haula wins face-off versus Aleksander Barkov in Devils zone.
17:36 of 3rd period - Snap shot by Michael Del Zotto.
17:36 of 3rd period - Deflect By Brian McGrattan.
17:36 of 3rd period - Stopped by Cam Talbot with a rebound.
17:38 of 3rd period - Slapshot by Brian McGrattan.
17:38 of 3rd period - Shot Misses the Net.
17:40 of 3rd period - Wrist shot by Brian McGrattan.
17:40 of 3rd period - Shot Blocked by Jared Cowen.
17:42 of 3rd period - Snap shot by Brian McGrattan.
17:42 of 3rd period - Stopped by Cam Talbot without a rebound.
17:43 of 3rd period - Nazem Kadri wins face-off versus Anze Kopitar in Kings zone.
18:51 of 3rd period - Snap shot by Marian Gaborik.
18:51 of 3rd period - Shot Blocked by Derek Boogaard.
18:57 of 3rd period - Minor Penalty to Seth Jones for Hooking.
18:58 of 3rd period - Erik Haula wins face-off versus Nazem Kadri in Kings zone.
19:09 of 3rd period - Snap shot by Erik Haula.
19:09 of 3rd period - Stopped by Thomas McCollum with a rebound.
Goals for this period are 0 for Kings vs 1 for Devils.
Shots for this period are 8 for Kings vs 14 for Devils.